 Dungeon Crawl Stone Soup version 0.18.1-48-g4cf74bf (webtiles) character file.

267 Siriah the Ducker (level 6, -7/46 HPs)
             Began as a Demonspawn Gladiator on July 16, 2016.
             Was an Initiate of Pakellas.
             Mangled by Menkaure (8 damage)
             ... on level 6 of the Dungeon.
             The game lasted 00:10:51 (2811 turns).

Siriah the Ducker (Demonspawn Gladiator)            Turns: 2811, Time: 00:10:51

Health: -7/46      AC:  7    Str: 17    XL:     6   Next: 0%
Magic:  6/6        EV: 11    Int: 10    God:    Pakellas [......]
Gold:   243        SH:  8    Dex: 13    Spells: 0 memorised, 5 levels left

rFire  + . .     SeeInvis .     a - +0 trident
rCold  . . .     Gourm    .     b - +0 leather armour
rNeg   . . .     Faith    .     k - +0 shield
rPois  +         Spirit   .     (helmet restricted)
rElec  .         Dismiss  .     (no cloak)
rCorr  .         Reflect  .     s - +1 pair of gloves
SustAt .         Harm     .     (no boots)
MR     .....                    (no amulet)
Stlth  +.........               (no ring)
                                n - ring of poison resistance

@: flying (expiring), not resistant to hostile enchantments, very unstealthy
A: horns 2, thin metallic scales 1, fire resistance 1, powered by pain 1
a: Renounce Religion


You were on level 6 of the Dungeon.
You worshipped Pakellas.
Pakellas was noncommittal.
You were not hungry.

You visited 1 branch of the dungeon, and saw 6 of its levels.

You collected 243 gold pieces.

Inventory:

Hand Weapons
 a - a +0 trident (weapon)
Missiles
 d - 2 throwing nets (quivered)
 e - 4 steel tomahawks
Armour
 b - a +0 leather armour (worn)
 k - a +0 shield (worn)
 s - a +1 pair of gloves (worn)
Jewellery
 n - a ring of poison resistance (left hand)
 r - an uncursed ring of ice
Wands
 t - a wand of acid (3/15)
Scrolls
 g - a scroll of fog {unknown}
 h - a scroll of blinking {unknown}
 i - a scroll of random uselessness
 l - a scroll of magic mapping {unknown}
 o - a scroll of teleportation {unknown}
 q - a scroll of remove curse {unknown}
 u - 3 scrolls of enchant armour {unknown}
 v - a scroll of noise {unknown}
 y - a scroll of fear {unknown}
Potions
 c - a potion of resistance
Comestibles
 f - 5 bread rations
 j - a beef jerky
 m - 3 meat rations
 x - a chunk of flesh


   Skills:
 + Level 2.4 Fighting
 + Level 3.3 Polearms
 + Level 1.9 Throwing
 + Level 2.0 Armour
 + Level 4.6 Dodging
 + Level 1.0 Stealth
 + Level 1.1 Shields


You had 5 spell levels left.
You didn't know any spells.

Dungeon Overview and Level Annotations

Branches:
Dungeon (7/15)
 Temple: D:4-7

Altars:
Dithmenos
Pakellas
Qazlal
Ru
Sif Muna
Vehumet

Annotations:
D:6 Eustachio, Menkaure, Pikel


Innate Abilities, Weirdness & Mutations

You have a pair of horns on your head.
You are partially covered in thin metallic scales (AC +2).
Your flesh is heat resistant.
You sometimes gain a little power by taking damage.


Message History

The orc completely misses your butterfly.
Menkaure points at you and mumbles some strange words.
Your butterfly convulses in agony!
Your butterfly dies!
The slave completely misses your butterfly.
The white imp completely misses your butterfly.
Menkaure casts a spell at you. Pain shoots through your body!
* * * LOW HITPOINT WARNING * * *
The orc barely misses something.
The shadow imp closely misses your butterfly.
The adder bites you.
* * * LOW HITPOINT WARNING * * *
The slave closely misses something.
Drink which item? (? for menu, Esc to quit)
It was a potion of cancellation.
Your magical effects are unravelling.
You feel magically purged. Menkaure hits you!
You die...
Pakellas says: Time to find a new assistant...

#. #.##p..###.#
###.##.##.p.....#
##$...#.##Kp.....##
.................>#
.(#....######+##.#
..#....#### #.#
.........ob# ##.#
#......bppK###.##.#
#......5@ppS@M..#..
......5b..l########
#..#.......#
#.#......b5#
...........#
####......#
#......+ #......+


You could see Eustachio, Pikel, 4 slaves, Menkaure, an adder, a white imp, a
shadow imp, an orc and a giant newt.

Vanquished Creatures
  A hound (D:4)
  Ijyb (D:3)
  Terence (D:2)
  Natasha (D:4)
  A hound skeleton (D:4)
  3 adders
  A worm (D:3)
  A dart slug (D:3)
  2 giant geckos (D:3)
  13 orcs
  4 giant cockroaches
  19 goblins
  3 hobgoblins
  16 jackals
  10 kobolds
  3 quokkas
  A ball python (D:1)
  8 bats
  2 giant newts
  4 rats
95 creatures vanquished.

Notes
Turn   | Place    | Note
--------------------------------------------------------------
     0 | D:1      | Siriah the Demonspawn Gladiator began the quest for the Orb.
     0 | D:1      | Reached XP level 1. HP: 16/16 MP: 1/1
    87 | D:1      | Reached skill level 3 in Dodging
   108 | D:1      | Gained mutation: You have a pair of small horns on your head. [demonic ancestry]
   108 | D:1      | Reached XP level 2. HP: 17/22 MP: 2/2
   239 | D:1      | Gained mutation: Your flesh is heat resistant. [demonic ancestry]
   239 | D:1      | Reached XP level 3. HP: 14/27 MP: 3/3
   681 | D:2      | Noticed Terence
   704 | D:2      | Killed Terence
   743 | D:2      | Found a stormy altar of Qazlal.
   743 | D:2      | Found a shadowy altar of Dithmenos.
   744 | D:2      | Found a radiant altar of Vehumet.
   780 | D:2      | Found a sacrificial altar of Ru.
   780 | D:2      | Found a deep blue altar of Sif Muna.
   824 | D:3      | Gained mutation: You have a pair of horns on your head. [demonic ancestry]
   824 | D:3      | Reached XP level 4. HP: 26/33 MP: 4/4
  1102 | D:3      | Reached skill level 1 in Armour
  1757 | D:3      | Reached skill level 1 in Stealth
  1904 | D:3      | Gained mutation: You are partially covered in thin metallic scales (AC +2). [demonic ancestry]
  1904 | D:3      | Reached XP level 5. HP: 29/39 MP: 5/5
  1931 | D:3      | Noticed Ijyb
  1945 | D:3      | Killed Ijyb
  1945 | D:3      | Reached skill level 4 in Dodging
  2605 | D:4      | Found an oddly glowing altar of Pakellas.
  2611 | D:4      | Became a worshipper of Pakellas the Inventive
  2634 | D:4      | Reached skill level 1 in Shields
  2695 | D:4      | Noticed Natasha
  2701 | D:4      | Killed Natasha
  2732 | D:4      | You fall through a shaft for 3 floors!
  2784 | D:6      | Noticed a slave
  2785 | D:6      | Noticed Pikel
  2786 | D:6      | Noticed a slave
  2789 | D:6      | Noticed a slave
  2789 | D:6      | Gained mutation: You sometimes gain a little power by taking damage. [demonic ancestry]
  2789 | D:6      | Reached XP level 6. HP: 46/46 MP: 6/6
  2799 | D:6      | Noticed a slave
  2802 | D:6      | Noticed Eustachio
  2805 | D:6      | Noticed Menkaure
  2810 | D:6      | HP: 1/46 [adder (4)]
  2811 | D:6      | Mangled by Menkaure

Skill      XL: |  1  2  3  4  5 |
---------------+----------------+-----
Dodging        | 3 4 |  4.6
Polearms       | 3 |  3.3
Armour         | 1 2 |  2.0
Stealth        | 1 |  1.0
Shields        | 1 |  1.1
Fighting       | |  2.4
Throwing       | |  1.9

Action                   |  1- 3 |  4- 6 || total
-------------------------+-------+-------++-------
Melee: Trident           |   120 |   197 ||   317
       Headbutt          |    15 |    27 ||    42
Throw: Throwing net      |     3 |       ||     3
Evoke: Wand              |       |     1 ||     1
  Use: Potion            |       |     3 ||     3
       Scroll            |       |     1 ||     1
 Stab: Held in net/web   |     1 |       ||     1
  Eat: Chunk             |       |     7 ||     7
Armor: Leather armour    |    39 |    70 ||   109
Dodge: Dodged            |    74 |   120 ||   194
Block: Shield            |    17 |   108 ||   125
